 Dungeon Crawl Stone Soup version 0.14.1-1-g650416f (webtiles) character file.

275 Heema the Cudgeler (level 5, -7/67 HPs)
             Began as a Minotaur Berserker on May 13, 2014.
             Was a Priest of Trog.
             Killed by divine providence
             ... invoked by an orc priest
              (17 damage)
             ... on Level 4 of the Dungeon.
             The game lasted 00:14:20 (3237 turns).

Heema the Cudgeler (Minotaur Berserker)             Turns: 3237, Time: 00:14:22

HP  -7/67        AC 10     Str 26      XL: 5   Next:  2%
MP   2/2         EV  9     Int  4      God: Trog [***...]
Gold 135         SH  0     Dex 11      Spells:  0 memorised,  4 levels left

rFire  . . .     SeeInvis .     a - +0,+1 mace
rCold  . . .     Clarity  .     d - +0 scale mail
rNeg   . . .     Conserve .     (no shield)
rPois  .         rCorr    .     (helmet restricted)
rElec  .         rRot     .     j - +0 cloak (curse)
SustAb . .       Spirit   .     g - +0 pair of gloves (curse)
rMut   .         Warding  .     r - +1 pair of boots
Saprov . . .     Stasis   .     (no amulet)
MR     +....                    (no ring)
                                f - ring of protection from magic

@: berserking, very quick, somewhat resistant to hostile enchantments, extremely
unstealthy
A: retaliatory headbutt, horns 2
a: Burn Spellbooks, Berserk, Trog's Hand, Renounce Religion


You were on level 4 of the Dungeon.
You worshipped Trog.
Trog was most pleased with you.
You were very hungry.

You visited 1 branch of the dungeon, and saw 4 of its levels.

You collected 135 gold pieces.

Inventory:

Hand weapons
 a - a +0,+1 mace (weapon)
Armour
 d - a +0 scale mail (worn)
 g - a cursed +0 pair of gloves (worn)
 j - a cursed +0 cloak (worn)
 r - a +1 pair of boots (worn)
Comestibles
 c - 2 bread rations
 h - 4 meat rations
 i - an orange
 k - a snozzcumber
 t - a lychee
Scrolls
 e - a scroll of identify
 l - a scroll of magic mapping
 s - a scroll of fear {unknown}
 v - a scroll of random uselessness {unknown}
Jewellery
 b - a cursed ring of teleportation {unknown}
 f - a ring of protection from magic (left hand)
 n - a cursed -4,-2 ring of slaying {unknown}
 p - an uncursed ring of fire
Potions
 m - a potion of curing {unknown}
 o - a potion of brilliance {unknown}
 q - 3 potions of poison {unknown}


   Skills:
 - Level 3.6 Fighting
 + Level 6.9 Maces & Flails
 - Level 2.4 Armour
 - Level 2.1 Dodging


You had 4 spell levels left.
You didn't know any spells.

Dungeon Overview and Level Annotations

Branches:
Dungeon (4/15)
 Temple: D:4-7

Altars:
Trog
Xom

Annotations:
D:4 Edmund, Eustachio, Sigmund


Innate Abilities, Weirdness & Mutations

You reflexively headbutt those who attack you in melee.
You have a pair of horns on your head.


Message History

Trog accepts your kill.
You hit the orc priest but do no damage.
The orc priest picks up a whip.
The orc priest wields a whip.
Something hits you but does no damage.
You barely miss something. Your headbutt misses something.
The orc priest completely misses you. Something hits you.
You miss something. You headbutt something.
The orc priest calls down the wrath of Beogh upon you.
Something smites you!
* * * LOW HITPOINT WARNING * * *
You hear some strange, mumbled words.
The puff of flame hits you!
* * * LOW HITPOINT WARNING * * *
Use which ability? (? or * to list)
A red film seems to cover your vision as you go berserk!
You feel yourself moving faster!
You feel mighty!
You are feeling very hungry.
The orc priest invokes the aid of Beogh against you.
Something smites you!
You die...

###
###.##
##...<#
#.{@.##
##o###
..o
#...
#...
####


You could see an orc priest and an orc.

Vanquished Creatures
  2 gnolls (D:1)
  An adder (D:3)
  An inept feature mimic (D:3)
  A giant mite (D:3)
  A worm (D:2)
  An adder zombie (D:2)
  A giant gecko (D:2)
  An ooze (D:3)
  8 orcs
  2 giant cockroaches
  10 hobgoblins
  7 jackals
  2 ball pythons
  3 bats
  3 giant newts (D:2)
  7 goblins
  A hobgoblin zombie (D:2)
  12 kobolds
  An orc zombie (D:2)
  A quokka (D:3)
  A quokka zombie (D:2)
  14 rats
81 creatures vanquished.

Notes
Turn   | Place    | Note
--------------------------------------------------------------
     0 | D:1      | Heema, the Minotaur Berserker, began the quest for the Orb.
     0 | D:1      | Reached XP level 1. HP: 19/19 MP: 1/1
    58 | D:1      | Reached skill level 4 in Maces & Flails
    58 | D:1      | Reached XP level 2. HP: 8/26 MP: 1/1
   542 | D:1      | Reached skill level 5 in Maces & Flails
   618 | D:1      | Reached XP level 3. HP: 27/31 MP: 2/2
   674 | D:1      | Acquired Trog's second power
  1629 | D:2      | Noticed a moth of wrath
  1647 | D:2      | Found a bloodstained altar of Trog.
  2066 | D:2      | Reached XP level 4. HP: 39/39 MP: 2/2
  2235 | D:2      | Reached skill level 6 in Maces & Flails
  3115 | D:2      | Found a shimmering altar of Xom.
  3153 | D:4      | Noticed Sigmund
  3153 | D:4      | Noticed Eustachio
  3192 | D:4      | Noticed Edmund
  3227 | D:4      | Reached XP level 5. HP: 28/45 MP: 2/2
  3237 | D:4      | Killed from afar by an orc priest

Action                   |  1- 3 |  4- 6 || total
-------------------------+-------+-------++-------
Melee: Mace              |   104 |    89 ||   193
Invok: Berserk           |     1 |     1 ||     2
  Use: Scroll            |     6 |     1 ||     7
